AoeStats
← 白桵

Arena

509635696Analyzed
4v4 RM · 4d ago on Sep 27, 2026· 41m 52s· 8 players
Game mode
Random Map
Map size
Large (8 player)
Population
200
Speed
Normal
Resources
Standard
Victory
Conquest
Starting age
Dark Age
Ending age
Imperial Age
RankedLock teamsTeams togetherTeam positionsShared explorationLock speedFull tech treeHidden civsTurbo modeCheats
Victory
Defeat
🇹🇼 Persians · Taiwan
1024
+14
🇨🇳 Teutons · China
970
+16
🇨🇳 Mongols · China
965
+16
🇯🇵 Britons · Japan
914
+18
🇩🇪 Aztecs · Germany
1014
-51
🇦🇷 Varangians · Argentina
990
-17
🇦🇷 Franks · Argentina
944
-15
🇪🇸 Goths · Spain
925
-14
missahmiccy
1:21 Loom
11:29 Feudal Age
12:19 Double-Bit Axe
12:17 Horse Collar
14:47 Fletching
18:52 Man-at-Arms
21:38 Wheelbarrow
24:26 Castle Age
22:22 Gold Mining
22:23 Stone Mining
24:23 Padded Archer Armor
24:25 Scale Mail Armor
24:35 Forging
25:08 Crossbowman
25:13 Pikeman
25:14 Long Swordsman
25:40 Gambesons
25:55 Squires
25:41 Arson
26:34 Hand Cart
29:46 Bow Saw
32:22 Gold Shaft Mining
32:17 Bodkin Arrow
34:18 Elite Skirmisher
39:07 Imperial Age
36:10 Light Cavalry
37:08 Leather Archer Armor
37:29 Iron Casting
37:02 Scale Barding Armor
37:20 Husbandry
37:29 Town Watch
39:04 Caravan
39:58 Bracer
40:28 Ring Archer Armor
40:19 Chain Barding Armor
41:00 Blast Furnace
40:16 Chain Mail Armor
40:20 Town Patrol
39:57 Two-Handed Swordsman
40:04 Capped Ram
40:54 Champion
42:06 Conscription
42:09 Yeomen
Marlboro
10:39 Feudal Age
11:18 Double-Bit Axe
16:35 Castle Age
15:04 Horse Collar
15:25 Stone Mining
16:02 Gold Mining
21:43 Heavy Plow
23:56 Bow Saw
25:06 Scale Barding Armor
26:21 Wheelbarrow
26:22 Forging
26:51 Gold Shaft Mining
30:30 Imperial Age
28:34 Bloodlines
28:24 Husbandry
29:30 Chain Barding Armor
29:13 Husbandry
30:19 Iron Casting
30:53 Hand Cart
30:16 Cavalier
32:37 Plate Barding Armor
33:03 Blast Furnace
33:11 Masonry
35:00 Light Cavalry
35:54 Savar
36:24 Savar
39:11 Two-Man Saw
38:42 Crop Rotation
38:46 Architecture
40:02 Loom
白仔
11:30 Feudal Age
15:31 Castle Age
14:14 Double-Bit Axe
14:11 Horse Collar
14:44 Gold Mining
16:23 Wheelbarrow
22:58 Bow Saw
23:19 Heavy Plow
23:10 Loom
24:28 Fletching
24:38 Padded Archer Armor
25:52 Hand Cart
25:22 Town Watch
27:05 Gold Shaft Mining
26:21 Stone Mining
30:45 Imperial Age
29:13 Bloodlines
29:03 Husbandry
29:05 Bodkin Arrow
29:25 Leather Archer Armor
31:00 Forging
30:56 Scale Barding Armor
31:22 Ballistics
30:54 Heavy Camel Rider
31:44 Bracer
32:19 Iron Casting
32:19 Conscription
36:21 Chemistry
36:25 Blast Furnace
35:46 Chain Barding Armor
36:11 Stone Shaft Mining
白桵
12:09 Feudal Age
19:00 Castle Age
16:47 Horse Collar
16:55 Double-Bit Axe
17:50 Stone Mining
17:53 Gold Mining
19:17 Wheelbarrow
19:28 Pikeman
22:34 Stone Shaft Mining
22:25 Forging
22:20 Scale Mail Armor
24:22 Bow Saw
24:23 Heavy Plow
27:58 Hand Cart
30:06 Caravan
32:42 Imperial Age
31:21 Chain Mail Armor
31:07 Gambesons
31:23 Squires
31:10 Arson
33:38 Iron Casting
34:20 Conscription
33:20 Elite Teutonic Knight
35:41 Blast Furnace
35:12 Plate Mail Armor
38:49 Halberdier
fmromerocarmona
0:36 Loom
11:22 Feudal Age
13:13 Double-Bit Axe
16:08 Castle Age
15:08 Horse Collar
17:08 Pikeman
22:21 Town Watch
28:10 Imperial Age
26:14 Gold Mining
26:35 Heavy Plow
27:06 Bow Saw
27:11 Stone Mining
27:23 Scale Mail Armor
28:46 Wheelbarrow
28:20 Squires
29:02 Anarchy
29:58 Conscription
30:09 Chain Mail Armor
31:03 Forging
32:09 Two-Man Saw
31:16 Murder Holes
32:04 Crop Rotation
32:30 Fletching
34:19 Iron Casting
35:16 Bodkin Arrow
nico.o.brien
11:00 Feudal Age
22:43 Castle Age
22:04 Horse Collar
30:11 Forging
29:54 Fletching
30:05 Padded Archer Armor
Miky UCDT
10:28 Feudal Age
10:40 Loom
14:20 Castle Age
13:56 Double-Bit Axe
17:53 Wheelbarrow
20:07 Bow Saw
20:11 Town Watch
21:23 Hand Cart
22:13 Stone Mining
23:56 Town Patrol
28:36 Imperial Age
26:24 Masonry
25:57 Treadmill Crane
26:23 Husbandry
26:37 Gold Mining
28:10 Scale Barding Armor
28:15 Forging
29:18 Masonry
29:31 Chain Barding Armor
28:42 Cavalier
30:30 Paladin
32:03 Iron Casting
32:27 Conscription
35:12 Plate Barding Armor
35:41 Blast Furnace
36:53 Chivalry
38:38 Fletching
40:01 Gold Shaft Mining
39:08 Light Cavalry
40:03 Bodkin Arrow
FireNova
10:23 Feudal Age
14:26 Castle Age
12:36 Double-Bit Axe
13:39 Horse Collar
15:27 Bow Saw
23:55 Gold Mining
26:42 Wheelbarrow
26:16 Stone Mining
30:31 Imperial Age
27:48 Loom
28:18 Hand Cart
27:49 Town Watch
28:22 Scale Barding Armor
28:28 Forging
28:29 Heavy Plow
29:35 Chain Barding Armor
30:33 Stone Shaft Mining
30:43 Iron Casting
30:58 Scale Mail Armor
31:56 Plate Barding Armor
31:33 Bloodlines
31:24 Husbandry
31:58 Crop Rotation
32:01 Conscription
31:16 Pikeman
33:16 Blast Furnace
32:48 Squires
32:34 Arson
33:06 Elite Varangian Guard
34:41 Scale Mail Armor
36:59 Chain Mail Armor
36:47 Vendel Legacy
37:00 Gothikon
39:19 Fletching
40:00 Plate Mail Armor
39:23 Fletching
39:28 Gambesons
41:48 Murder Holes
42:14 Ballistics
42:04 Masonry
42:00 Siege Engineers
Connection lost

Rejoining the realm…

Still unreachable

The connection could not be restored.

Session expired

The server has moved on; the page needs a fresh start.